 Dungeon Crawl Stone Soup version 0.29.0-11-gd7f09526c8 (webtiles) character file.

Game seed: 1987924312876210788

527 freelancePsychic the Shooter (level 7, -8/60 HPs)
             Began as a Ghoul Enchanter on Sept 4, 2022.
             Mangled by an orc priest
             ... wielding a +1 war axe of flaming
              (9 damage)
             ... on level 4 of the Dungeon.
             The game lasted 00:10:29 (4440 turns).

freelancePsychic the Shooter (Ghoul Enchanter)      Turns: 4440, Time: 00:10:29

Health: -8/60      AC:  4    Str: 12    XL:     7   Next: 23%
Magic:  8/8        EV: 11    Int: 10    God:
Gold:   184        SH:  0    Dex: 11    Spells: 9/9 levels left

rFire   + . .      SeeInvis .   g - +1 sling
rCold   + + .      Faith    .   (no shield)
rNeg    + + +      Spirit   .   k - +0 leather armour
rPois   ∞          Reflect  .   l - +0 helmet
rElec   +          Harm     .   (no cloak)
rCorr   +          Rampage  .   (no gloves)
Will    +....                   (no boots)
Stlth   ++........              f - amulet of regeneration
HPRegen 0.00/turn               h - ring of willpower
MPRegen 0.11/turn               (no ring)

@: resistant, inhibited regen
A: claws 1, cold resistance 1, negative energy resistance 3, inhibited
regeneration, torment resistance 2, devour on kill
a: no special abilities


You were on level 4 of the Dungeon.
You visited 1 branch of the dungeon, and saw 5 of its levels.

You collected 184 gold pieces.

Inventory:

Hand Weapons
 a - a +1 dagger
 g - a +1 sling (weapon)
Missiles
 c - a throwing net
Armour
 b - a +0 robe
 k - a +0 leather armour (worn)
 l - a +0 helmet (worn)
Jewellery
 f - an amulet of regeneration (around neck)
 h - a ring of willpower (left claw)
 o - a ring of fire
Scrolls
 t - a scroll of fog
Potions
 m - a potion of brilliance
 p - a potion of attraction


   Skills:
 + Level 4.7 Fighting
 - Level 0.8 Short Blades
 * Level 4.7 Ranged Weapons
 - Level 1.7 Dodging
 - Level 4.3 Stealth
 - Level 1.7 Spellcasting
 - Level 2.4 Hexes


You had 9 spell levels left.
You didn't know any spells.
Your spell library contained the following spells:

 Spells                   Type           Power      Damage    Failure   Level
 Ensorcelled Hibernation  Hex/Ice        6%         N/A       36%         2
 Apportation              Tloc           0%         N/A       38%         1
 Confusing Touch          Hex            5%         N/A       41%         3
 Tukima's Dance           Hex            5%         N/A       41%         3
 Static Discharge         Conj/Air       0%         3-3/arc   52%         2
 Dazzling Flash           Conj/Hex       6%         N/A       58%         3
 Airstrike                Air            0%         2d(0-16)  99%         4
 Summon Lightning Spire   Summ/Air       0%         N/A       99%         4
 Alistair's Intoxication  Tmut/Pois      0%         N/A       100%        5
 Lightning Bolt           Conj/Air       0%         1d11      100%        5
 Summon Forest            Summ/Tloc      0%         N/A       100%        5
 Yara's Violent Unravell  Hex/Tmut       1%         3d3       100%        5
 Eringya's Noxious Bog    Tmut/Pois      0%         N/A       100%        6
 Enfeeble                 Hex            2%         N/A       100%        7
 Summon Hydra             Summ           0%         N/A       100%        7
 Maxwell's Capacitive Co  Air            0%         ∞         100%        8


Dungeon Overview and Level Annotations

Branches:
Dungeon (5/15)
 Temple: D:4-7

Altars:

Annotations:
D:1 2 runed translucent doors
D:5 exclusion: gnoll


Innate Abilities, Weirdness & Mutations

You are immune to poison.
You have sharp fingernails.
Your flesh is cold resistant. (rC+)
You are immune to negative energy. (rN+++)
You do not regenerate when monsters are visible.
You are immune to unholy pain and torment.
You thrive by killing the living.


Message History

Fire: g) +1 sling
Press: ? - help, Shift-Dir - straight line, f/p - orc priest
Aim: an orc priest, wielding a +1 war axe of flaming and wearing a +0 chain mail (67% to hit)
You shoot a sling bullet. The sling bullet hits the orc priest.
The orc priest is moderately wounded.
The orc priest hits you with a +1 war axe of flaming.
* * * LOW HITPOINT WARNING * * *
Fire: g) +1 sling
Press: ? - help, Shift-Dir - straight line, f/p - orc priest
Aim: an orc priest, wielding a +1 war axe of flaming and wearing a +0 chain mail (moderately wounded, 67% to hit)
You shoot a sling bullet.
The sling bullet hits the orc priest but does no damage.
The orc priest is moderately wounded.
The orc priest hits you with a +1 war axe of flaming.
* * * LOW HITPOINT WARNING * * *
Fire: g) +1 sling
Press: ? - help, Shift-Dir - straight line, f/p - orc priest
Aim: an orc priest, wielding a +1 war axe of flaming and wearing a +0 chain mail (moderately wounded, 67% to hit)
You shoot a sling bullet.
The sling bullet hits the orc priest but does no damage.
The orc priest is moderately wounded.
The orc priest misses you.
Fire: g) +1 sling
Press: ? - help, Shift-Dir - straight line, f/p - orc priest
Aim: an orc priest, wielding a +1 war axe of flaming and wearing a +0 chain mail (moderately wounded, 67% to hit)
You shoot a sling bullet. The sling bullet hits the orc priest.
The orc priest is severely wounded.
The orc priest hits you with a +1 war axe of flaming.
* * * LOW HITPOINT WARNING * * *
Fire: g) +1 sling
Press: ? - help, Shift-Dir - straight line, f/p - orc priest
Aim: an orc priest, wielding a +1 war axe of flaming and wearing a +0 chain mail (severely wounded, 67% to hit)
You shoot a sling bullet. The sling bullet hits the orc priest.
The orc priest is almost dead.
The orc priest hits you with a +1 war axe of flaming.
* * * LOW HITPOINT WARNING * * *
The orc priest burns you.
* * * LOW HITPOINT WARNING * * *
The orc priest hits you with a +1 war axe of flaming!
You die...

...#......# ##.# #.##....# #.
..##.##.#.## #.# #.##.##.# #.
..##.##....# #.# #.##.##.# #.
.##..####))####.#####.##.##.####.
...........).)............o......
..#########..##.#####.#.####.#...
.#### #####.## #...# ##.#.#.
....# ##### #[o# #######....#.
....# #...# ##@#########..#.##.
....# #...# ##.##......).##..#.
....####...####.....######.......
................#...# #.......
....####...######...######.....(.
....# #...# #.......)........
....# #...# #...######.......
....# #...# #...# #....... ....#
##### ##### #.......


You could see an orc priest.

Vanquished Creatures
  An orc warrior (D:4)
  An ogre (D:4)
  A howler monkey (D:4)
  3 hounds
  3 orc wizards (D:4)
  3 gnolls
  2 adders (D:3)
  2 dart slugs (D:2)
  13 orcs
  9 ball pythons
  11 endoplasms
  3 giant cockroaches
  3 goblins
  3 hobgoblins
  6 jackals
  3 quokkas
  6 bats
  5 frilled lizards
  3 kobolds
  9 rats
90 creatures vanquished.

Notes
Turn   | Place    | Note
-------+----------+-------------------------------------------
     0 | D:1      | freelancePsychic the Ghoul Enchanter began the quest for
                  | the Orb.
     0 | D:1      | Reached XP level 1. HP: 14/14 MP: 2/2
    46 | D:1      | Found a large runed translucent door.
    46 | D:1      | Found a large runed translucent door.
   316 | D:1      | Reached skill level 1 in Fighting
   687 | D:1      | Reached XP level 2. HP: 8/24 MP: 3/3
  1131 | D:1      | Reached XP level 3. HP: 30/30 MP: 4/4
  1439 | D:2      | Found a faded altar of an unknown god.
  1550 | D:2      | Reached skill level 1 in Ranged Weapons
  2299 | D:3      | Reached XP level 4. HP: 22/37 MP: 5/5
  3116 | D:4      | Reached XP level 5. HP: 14/45 MP: 6/6
  3265 | D:4      | Noticed an orc warrior
  3278 | D:5      | Entered Level 5 of the Dungeon
  3463 | D:4      | Noticed an ogre
  3765 | D:4      | Reached XP level 6. HP: 23/52 MP: 7/7
  3788 | D:4      | Noticed a sky beast
  3912 | D:4      | Noticed an orc warrior
  3943 | D:4      | Killed an orc warrior
  4144 | D:4      | Reached XP level 7. HP: 57/60 MP: 8/8
  4440 | D:4      | HP: 2/60 [orc priest/+1 war axe of flaming (5)]
  4440 | D:4      | Mangled by an orc priest

Illustrated notes

Levels and vault maps discovered:
D:1:      erik_arrival_cave_to_civilisation [erik_arrival_cave_to_temple],
          layout_basic, roderic_st_hans_cross
D:2:      layout_loops_ring, nicolae_ecumenical_pavilion,
          corexii_item_surrounded_by_moat, due_unseen_surprise
D:3:      layout_basic, minmay_pentomino_pile
D:4:      layout_rooms, uniq_crazy_yiuf_cottage
D:5:      layout_cave_pools, temple_statues, kennysheep_dice, uniq_ijyb

Skill      XL: |  1  2  3  4  5  6 |
---------------+-------------------+-----
Fighting       | 1 2 3 4 |  4.7
Ranged Weapons | 1 2 3 4 |  4.7
Stealth        | 4 |  4.3
Short Blades   | |  0.8
Dodging        | |  1.7
Spellcasting   | |  1.7
Hexes          | |  2.4

Action                   |  1- 3 |  4- 6 |  7- 9 || total
-------------------------+-------+-------+-------++-------
Melee: Dagger            |    66 |     1 |       ||    67
 Fire: Sling             |   106 |   297 |    55 ||   458
  Use: Potion            |     2 |    10 |     1 ||    13
       Scroll            |     7 |     9 |     1 ||    17
 Stab: Invisible         |     5 |       |       ||     5
Armor: Robe              |    18 |     3 |       ||    21
       Leather armour    |       |    60 |     7 ||    67
Dodge: Dodged            |    99 |   149 |    20 ||   268
